AoeStats
← marius.zwei91

Four Lakes

508476481Analyzed
1v1 RM · 10d ago on Sep 22, 2026· 37m 29s· 2 players
Game mode
Random Map
Map size
Tiny (2 player)
Population
200
Speed
Normal
Resources
Standard
Victory
Conquest
Starting age
Dark Age
Ending age
Imperial Age
RankedLock teamsTeams togetherTeam positionsShared explorationLock speedFull tech treeHidden civsTurbo modeCheats
Victory
Defeat
🇩🇪 Chinese · Germany
766
+15
🇵🇪 Hindustanis · Peru
745
-15
Verdusco
11:32 Feudal Age
12:53 Wheelbarrow
12:07 Double-Bit Axe
12:18 Gold Mining
12:11 Horse Collar
20:20 Castle Age
19:10 Scale Mail Armor
20:32 Forging
21:10 Loom
23:39 Chain Mail Armor
25:15 Hand Cart
26:01 Heavy Plow
27:14 Bow Saw
31:21 Gold Shaft Mining
33:24 Scale Barding Armor
33:55 Iron Casting
marius.zwei91
8:55 Loom
11:41 Feudal Age
16:00 Castle Age
16:15 Fletching
17:12 Bodkin Arrow
17:20 Crossbowman
25:47 Forging
25:11 Elite Skirmisher
26:44 Scale Mail Armor
32:24 Imperial Age
32:36 Elite Fire Lancer
33:44 Double-Bit Axe
Connection lost

Rejoining the realm…

Still unreachable

The connection could not be restored.

Session expired

The server has moved on; the page needs a fresh start.